 Dungeon Crawl Stone Soup version 0.14.0-12-g87ee3b7 (webtiles) character file.

252 Kejsarherre the Digger (level 5, 0/35 HPs)
             Began as a Human Earth Elementalist on Apr 17, 2014.
             Slain by an orc
             ... wielding a +2,+1 flail
              (2 damage)
             ... while paralysed by Grinder
             ... on Level 3 of the Dungeon.
             The game lasted 00:09:17 (2195 turns).

Kejsarherre the Digger (Human Earth Elementalist)   Turns: 2195, Time: 00:09:17

HP   0/35        AC  2     Str  8      XL: 5   Next: 13%
MP   1/9         EV  2     Int 16      God:
Gold 143         SH  0     Dex 19      Spells:  3 memorised,  1 level left

rFire  . . .     SeeInvis .     (no weapon)
rCold  + . .     Clarity  .     c - +0 robe
rNeg   + . .     Conserve .     (no shield)
rPois  .         rCorr    .     (no helmet)
rElec  .         rRot     .     (no cloak)
SustAb . .       Spirit   .     (no gloves)
rMut   .         Warding  .     (no boots)
Saprov . . .     Stasis   .     (no amulet)
MR     .....                    m - ring of positive energy {unknown}
                                q - ring of protection from cold {unknown}

@: paralysed, agile, very slightly contaminated, slowed, not resistant to
hostile enchantments, quite stealthy
A: no striking features
a: no special abilities


You were on level 3 of the Dungeon.
You were near starving.

You visited 1 branch of the dungeon, and saw 3 of its levels.

You collected 143 gold pieces.

Inventory:

Missiles
 b - 19 stones (quivered)
Armour
 c - a +0 robe (worn)
Comestibles
 a - a bread ration
 f - a pear
 h - a choko
 l - a lemon
 p - a meat ration
Scrolls
 e - a scroll of immolation {unknown}
 k - a scroll of identify {unknown}
 n - a scroll of magic mapping {unknown}
Jewellery
 g - an uncursed ring of see invisible {unknown}
 m - a ring of positive energy (right hand) {unknown}
 q - a ring of protection from cold (left hand) {unknown}
Potions
 i - 2 potions of heal wounds
 o - a potion of brilliance {unknown}
Books
 d - a book of Geomancy

   Spells                             Type                      Level
   *Sandblast                         Earth                        1
   Stoneskin                          Transmutation/Earth          2
   Passwall                           Transmutation/Earth          3
   *Stone Arrow                       Conjuration/Earth            3
   *Petrify                           Transmutation/Earth          4
   Lee's Rapid Deconstruction         Earth                        5


   Skills:
 - Level 2.0 Dodging
 - Level 2.0 Stealth
 * Level 2.7 Spellcasting
 - Level 1.0 Transmutations
 + Level 5.0 Earth Magic


You had one spell level left.
You knew the following spells:

 Your Spells              Type           Power        Failure   Level  Hunger
a - Stone Arrow           Conj/Erth      ##....       21%         3    ###....
b - Sandblast             Erth           ###...       2%          1    #......
c - Petrify               Trmt/Erth      ##......     63%         4    #####..


Dungeon Overview and Level Annotations

Branches:
Dungeon (3/15)

Altars:

Annotations:
D:3 Grinder


Message History

Grinder barely misses you. The orc closely misses you. Grinder hits you!
Really attack while wielding your 19 stones? [Y]es or [N]o only, please.
Really attack while wielding your 19 stones?
Unknown command.
You are now empty-handed.
The orc hits you but does no damage.
You closely miss the orc.
The orc is almost dead.
Grinder gestures at you.
You suddenly lose the ability to move!
The orc hits you with a flail. Grinder gestures at you.
You resist with significant effort. The orc hits you with a flail!
Grinder hits you. The orc hits you with a flail.
* * * LOW HITPOINT WARNING * * *
Grinder hits you.
* * * LOW HITPOINT WARNING * * *
Grinder hits you but does no damage. The orc hits you with a flail.
You die...

#..## #.# ###.######## #.#
#.(........# #.# #..........#
#.# #..........### #.#
#............## #.#
#..........#).# #.# .
#..........##.#####)####### ..
#####.#######.5@ooo.......###...
#..# #######.#####...'... ##<##
##.# #####... #..# #..# .# ##.#
#.## . #.# #.# ####.##### #.#
#........# ####.####...
#........###.........#


You could see Grinder and 3 orcs.

Vanquished Creatures
  4 adders (D:2)
  A giant mite (D:2)
  2 worms (D:2)
  A giant gecko (D:2)
  An ooze (D:1)
  An orc (D:3)
  6 bats (D:1)
  2 giant cockroaches
  11 hobgoblins
  5 kobolds
  2 ball pythons
  4 giant newts (D:1)
  5 goblins
  2 quokkas (D:2)
  10 rats
57 creatures vanquished.

Notes
Turn   | Place    | Note
--------------------------------------------------------------
     0 | D:1      | Kejsarherre, the Human Earth Elementalist, began the quest for the Orb.
     0 | D:1      | Reached XP level 1. HP: 13/13 MP: 3/3
   115 | D:1      | Reached XP level 2. HP: 5/19 MP: 2/4
   629 | D:1      | Reached XP level 3. HP: 22/24 MP: 0/6
  1265 | D:2      | Reached skill level 4 in Earth Magic
  1358 | D:2      | Reached XP level 4. HP: 30/30 MP: 1/8
  1595 | D:2      | Reached XP level 5. HP: 33/35 MP: 2/9
  2066 | D:3      | Learned a level 3 spell: Stone Arrow
  2071 | D:3      | Learned a level 4 spell: Petrify
  2133 | D:3      | Reached skill level 5 in Earth Magic
  2160 | D:3      | Noticed Grinder
  2163 | D:3      | Paralysed by Grinder for 5 turns
  2172 | D:3      | Paralysed by Grinder for 4 turns
  2191 | D:3      | Paralysed by Grinder for 7 turns
  2195 | D:3      | Slain by an orc

Action                   |  1- 3 |  4- 6 || total
-------------------------+-------+-------++-------
Melee: Unarmed           |       |     2 ||     2
 Cast: Sandblast         |    61 |    43 ||   104
       Stone Arrow       |       |     2 ||     2
  Use: Potion            |       |     2 ||     2
 Stab: Distracted        |       |     1 ||     1
